 Dungeon Crawl Stone Soup version 0.31-a0-618-g7ca08c1ff9 (webtiles) character file.

Game seed: 13916766162759731361

44 javelincjr the Sneak (level 3, -1/28 HPs)
             Began as a Gnoll Wanderer on Aug 22, 2023.
             Slain by a worm (9 damage)
             ... on level 2 of the Dungeon.
             The game lasted 00:03:51 (988 turns).

javelincjr the Sneak (Gnoll Wanderer)                Turns: 988, Time: 00:03:52

Health: -1/28      AC:  6    Str: 12    XL:     3   Next: 60%
Magic:  5/5        EV: 11    Int: 10    God:
Gold:   31         SH:  0    Dex: 13    Spells: 3/3 levels left

rFire   . . .        a - +0 dagger
rCold   . . .        (no shield)
rNeg    . . .        e - +0 ring mail
rPois   .            (helmet currently unavailable)
rElec   .            (cloak currently unavailable)
rCorr   .            (gloves currently unavailable)
SInv    .            (boots currently unavailable)
Will    .....        (no amulet)
Stlth   +++          (no ring)
HPRegen 0.24/turn    (no ring)
MPRegen 0.09/turn

%: no passive effects
@: beast-form
A: beast (slay +0), fangs 1, strong nose, distributed training
a: Begin Untransformation


You were on level 2 of the Dungeon.
You were a hulking beast.
You visited 1 branch of the dungeon, and saw 2 of its levels.

You collected 31 gold pieces.

Inventory:

Hand Weapons
 a - a +0 dagger (weapon)
 d - a +0 quarterstaff
Missiles
 c - a datura-tipped dart
 m - an atropa-tipped dart
Armour
 e - a +0 ring mail (worn)
Talismans
 k - a beast talisman (active)
Scrolls
 b - a scroll of torment {unknown}
 g - 3 scrolls of identify {unknown}
 i - a scroll of amnesia {unknown}
 l - a scroll of blinking {unknown}
Potions
 f - 2 potions of invisibility
 h - a potion of mutation {unknown}
 j - a potion of heal wounds {unknown}


   Skills:
 + Level 2.6 Fighting
 + Level 0.9 Short Blades
 + Level 0.9 Long Blades
 + Level 0.9 Axes
 + Level 0.9 Maces & Flails
 + Level 0.9 Polearms
 + Level 2.6 Staves
 + Level 0.9 Ranged Weapons
 + Level 0.9 Throwing
 + Level 4.5 Armour
 + Level 2.6 Dodging
 + Level 7.8 Stealth
 + Level 0.9 Shields
 + Level 0.9 Unarmed Combat
 + Level 0.9 Spellcasting
 + Level 0.6 Conjurations
 + Level 0.6 Hexes
 + Level 0.6 Summonings
 + Level 0.6 Necromancy
 + Level 0.6 Translocations
 + Level 0.6 Transmutations
 + Level 0.6 Fire Magic
 + Level 0.6 Ice Magic
 + Level 0.6 Air Magic
 + Level 0.6 Earth Magic
 + Level 0.6 Poison Magic
 + Level 2.7 Invocations
 + Level 0.9 Evocations
 + Level 0.7 Shapeshifting


You had 3 spell levels left.
You didn't know any spells.
Your spell library was empty.

Dungeon Overview and Level Annotations

Branches:
Dungeon (2/15)

Altars:


Innate Abilities, Weirdness & Mutations

You are a hulking beast.
Your limbs bulge with bestial killing power. (Slay +0)
You have very sharp teeth.
Your uncanny sense of smell can sniff out nearby items.
Your experience applies equally to all skills.


Message History

You see here 5 stones.
Found 6 stones.
A worm comes into view.
Nothing quivered!
You barely miss the worm. Your bite misses the worm. The worm bites you.
You hit the worm. You bite the worm.
The worm is moderately wounded.
You hit the worm but do no damage.
The worm is moderately wounded.
The worm bites you!
You hit the worm.
The worm is moderately wounded.
You hit the worm.
The worm is moderately wounded.
The worm barely misses you.
You hit the worm but do no damage.
The worm is moderately wounded.
You barely miss the worm.
The worm is moderately wounded.
The worm bites you!
You are too injured to fight recklessly!
You are too injured to fight recklessly!
You hit the worm.
The worm is moderately wounded.
The worm bites you.
* * * LOW HITPOINT WARNING * * *
You hit the worm.
The worm is heavily wounded.
You hit the worm.
The worm is heavily wounded.
The worm bites you.
* * * LOW HITPOINT WARNING * * *
You hit the worm.
The worm is severely wounded.
You hit the worm but do no damage.
The worm is severely wounded.
You hit the worm. You bite the worm, but do no damage.
The worm is severely wounded.
The worm attacks as it pursues you! The worm bites you!
You die...

##'######## #.##
#####+##### #..#####
#.......... ##.....#
#.......... #.....#
#.......... #.....#
######.......... ####..###
#......$........ #..)...#
#....(.......... #......#
#....hw.........
#......#######.#..........
#..........(...###........
#.(....####..### #.......#
#......# ##># #........
#.(....# #.# ........#
#......# #.# ######+##
#......# #.# #......# #.#


You could see a worm.

Vanquished Creatures
  An adder (D:2)
  A worm (D:2)
  A dart slug (D:1)
  2 endoplasms (D:1)
  3 giant cockroaches (D:1)
  3 hobgoblins
  3 jackals (D:2)
  A quokka (D:1)
  3 ball pythons
  2 bats (D:1)
  2 frilled lizards (D:1)
  3 goblins
  A kobold (D:1)
  3 rats
29 creatures vanquished.

Notes
Turn   | Place    | Note
-------+----------+-------------------------------------------
     0 | D:1      | javelincjr the Gnoll Wanderer began the quest for the Orb.
     0 | D:1      | javelincjr set off with the following items: a +0 dagger,
                  | an atropa-tipped dart, a datura-tipped dart, a +0
                  | quarterstaff, a +0 ring mail, a potion of invisibility.
     0 | D:1      | Reached XP level 1. HP: 17/17 MP: 2/2
   183 | D:1      | Reached XP level 2. HP: 19/23 MP: 3/3
   750 | D:2      | Reached XP level 3. HP: 23/28 MP: 4/4
   988 | D:2      | Slain by a worm

Illustrated notes

Levels and vault maps discovered:
D:1:      erik_arrival_triangle_large, layout_basic
D:2:      layout_basic, basic_altar, minmay_heptomino_l4

Action                     || total
---------------------------++-------
  Melee: Dagger            ||   157
         Bite              ||    20
         Punch             ||     2
  Throw: Dart              ||     1
   Stab: Sleeping          ||     6
 Armour: Ring mail         ||    51
  Dodge: Dodged            ||    66
   Form: Beast             ||     1

Table legend: (Time is in decaauts)
 A = Elapsed time spent in this place.
 B = Non-inter-level travel time spent in this place.
 C = Inter-level travel time spent in this place.
 D = Time resting spent in this place.
 E = Time spent auto-exploring this place.
 F = Levels seen in this place.
 G = Mean time per level.
                   A        B        C        D        E       F      G
               +--------+--------+--------+--------+--------+-----+--------+
         Total |    983 |    983 |      0 |      0 |    688 |   2 |  491.5 |
       Dungeon |    983 |    983 |      0 |      0 |    688 |   2 |  491.5 |
               +--------+--------+--------+--------+--------+-----+--------+

Top non-repeatable levels by time:
     D:1: 685 daAuts
     D:2: 297 daAuts
